 Dungeon Sprint DCSS version 0.27.1-34-g3ba077fa99 (webtiles) character file.

Game seed: 987355098489596376

433 chmiii the Basher (level 6, 0/61 (106) HPs)
             Began as a Troll Berserker on Jan 30, 2022.
             Was a Believer of Trog.
             Slain by Sonja (6 damage)
             ... in the Dungeon (Sprint I: "Red Sonja").
             The game lasted 00:03:11 (312 turns).

chmiii the Basher (Troll Berserker)                  Turns: 312, Time: 00:03:12

HP:   0/61 (106)    AC:  5    Str: 26    XL:     6   Next: 67%
MP:   5/5           EV: 12    Int:  3    God:    Trog [**....]
Gold: 297           SH:  0    Dex: 11    Spells: 5/5 levels left

rFire    . . .     SeeInvis .   i - +0 giant club
rCold    + . .     Faith    .   (shield currently unavailable)
rNeg     . . .     Spirit   .   j - +1 robe {rC+}
rPois    .         Reflect  .   (helmet restricted)
rElec    .         Harm     .   (no cloak)
rCorr    .         Rampage  .   (gloves unavailable)
Will     ++...     NoTele   +   (boots unavailable)
Stlth    ..........             (no amulet)
HPRegen  2.20/turn              (no ring)
MPRegen  0.09/turn              (no ring)

@: berserking, strong-willed (expiring), regenerating (expiring), very heavily
drained, very quick
A: large, unfitting armour, claws 3, regeneration 1, shaggy fur 1, tough skin 1
a: Renounce Religion, Berserk, Trog's Hand


You were in the Dungeon.
You worshipped Trog.
Trog was pleased with you.
You visited 1 branch You collected 297 gold pieces.

Inventory:

Hand Weapons
 i - a +0 giant club (weapon)
Armour
 j - a +1 robe of cold resistance (worn)
Scrolls
 b - a scroll of vulnerability {unknown}
 h - a scroll of blinking
Potions
 a - a potion of invisibility
 c - a potion of curing
 d - a potion of heal wounds
 e - a potion of haste
 f - 2 potions of magic


   Skills:
 + Level 7.0 Fighting
 * Level 8.7 Maces & Flails
 + Level 7.3 Dodging


You had 5 spell levels left.
You didn't know any spells.
Your spell library was empty.

Dungeon Overview and Level Annotations

Branches:
Dungeon (1/1)

Altars:
Cheibriados
Dithmenos
Elyvilon
Fedhas
Gozag
Hepliaklqana
Kikubaaqudgha
Nemelex Xobeh
Okawaru
Qazlal
Ru
Sif Muna
Trog
Uskayaw
Vehumet
Wu Jian
Yredelemnul
Zin
The Shining One

Shops:
D :

Annotations:
D Sonja


Innate Abilities, Weirdness & Mutations

You are too large for most types of armour.
You have claws for hands.
Your natural rate of healing is unusually fast.
You are covered in fur. (AC +1)
You have tough skin. (AC +1)


Message History

You feel drained.
You miss Sonja.
Sonja hits you with a +1 short sword of draining!
You feel drained.
Sonja hits you with a +1 short sword of draining.
* * * LOW HITPOINT WARNING * * *
You feel drained. Sonja closely misses you. Sonja barely misses you.
Sonja closely misses you. Sonja hits you but does no damage.
You feel drained.
A red film seems to cover your vision as you go berserk!
You feel yourself moving faster!
You feel mighty!
You feel the effects of Trog's Hand fading.
Sonja hits you but does no damage.
You feel drained.
Sonja hits you with a +1 short sword of draining.
You feel drained. Sonja closely misses you.
Sonja hits you with a +1 short sword of draining.
* * * LOW HITPOINT WARNING * * *
You feel drained.
* * * LOW HITPOINT WARNING * * *
Sonja hits you with a +1 short sword of draining.
* * * LOW HITPOINT WARNING * * *
You feel drained.
Sonja hits you with a +1 short sword of draining.
* * * LOW HITPOINT WARNING * * *
You feel drained.
You completely miss Sonja.
Sonja hits you with a +1 short sword of draining.
* * * LOW HITPOINT WARNING * * *
You feel drained. Sonja closely misses you. Sonja completely misses you.
You are too berserk!
You miss Sonja. Sonja closely misses you. Sonja misses you.
Sonja hits you with a +1 short sword of draining.
* * * LOW HITPOINT WARNING * * *
You feel drained.
You completely miss Sonja. Sonja barely misses you.
Sonja hits you with a +1 short sword of draining.
* * * LOW HITPOINT WARNING * * *
You feel drained.
* * * LOW HITPOINT WARNING * * *
Sonja hits you with a +1 short sword of draining.
You die...

#..#####'#####'#
#..####..#...#.#
#..#__####..##.#
#..#_____##'#_.+
#⌠⌠#_.∩...'..._#
####_..__##_.#+#
#_____###'#
#########.##


+$@$+ #$K$# ##.## #+# You could see Sonja.

Vanquished Creatures
  A yak (D)
  Sigmund (D)
  An ogre (D)
  A jelly (D)
  Ijyb (D)
5 creatures vanquished.

Notes
Turn   | Place    | Note
-------+----------+-------------------------------------------
     0 | D        | chmiii the Troll Berserker began the quest for the Orb.
     0 | D        | Reached XP level 1. HP: 22/22 MP: 0/0
     1 | D        | Noticed Ijyb
    13 | D        | Killed Ijyb
    14 | D        | Reached skill level 4 in Maces & Flails
    14 | D        | Reached XP level 2. HP: 32/32 MP: 1/1
    71 | D        | Noticed an ogre
    78 | D        | Killed an ogre
    79 | D        | Reached skill level 5 in Fighting
    79 | D        | Reached skill level 5 in Maces & Flails
    79 | D        | Reached skill level 5 in Dodging
    79 | D        | Reached XP level 3. HP: 29/42 MP: 2/2
    79 | D        | Reached XP level 4. HP: 34/50 MP: 3/3
   128 | D        | Noticed Sigmund
   137 | D        | Killed Sigmund
   137 | D        | Reached ** piety under Trog
   138 | D        | Reached skill level 7 in Maces & Flails
   138 | D        | Reached XP level 5. HP: 50/59 MP: 4/4
   191 | D        | Found an ornate altar of the Wu Jian Council.
   191 | D        | Found a shimmering blue altar of Sif Muna.
   193 | D        | Found a radiant altar of Vehumet.
   200 | D        | Reached XP level 6. HP: 29/68 MP: 5/5
   259 | D        | Found Dorroeh's Book Emporium.
   259 | D        | Found an ancient bone altar of Kikubaaqudgha.
   259 | D        | Found a hazy altar of Hepliaklqana.
   259 | D        | Found a stormy altar of Qazlal.
   259 | D        | Found a hide-covered altar of Uskayaw.
   259 | D        | Found a blossoming altar of Fedhas.
   259 | D        | Found a bloodstained altar of Trog.
   259 | D        | Found an iron altar of Okawaru.
   259 | D        | Found a basalt altar of Yredelemnul.
   259 | D        | Found a glowing golden altar of the Shining One.
   259 | D        | Found a snail-covered altar of Cheibriados.
   259 | D        | Found a sacrificial altar of Ru.
   259 | D        | Found a glowing silver altar of Zin.
   259 | D        | Found a shadowy altar of Dithmenos.
   259 | D        | Found a white marble altar of Elyvilon.
   259 | D        | Noticed a yak
   264 | D        | Killed a yak
   265 | D        | Reached skill level 8 in Maces & Flails
   265 | D        | Found an opulent altar of Gozag.
   266 | D        | Found a sparkling altar of Nemelex Xobeh.
   301 | D        | Noticed Sonja
   312 | D        | Slain by Sonja

Illustrated notes

Levels and vault maps discovered:
D:        dungeon_sprint_1 [red_sonja_temple_1, red_sonja_temple_small_1]

Skill      XL: |  1  2  3  4  5  6 |
---------------+-------------------+-----
Fighting       | 3 5 6 7 |  7.0
Maces & Flails | 4 5 7 8 |  8.7
Dodging        | 3 5 6 7 |  7.3

Action                   |  1- 3 |  4- 6 || total
-------------------------+-------+-------++-------
Melee: Mace              |    13 |       ||    13
       Giant club        |       |    22 ||    22
Invok: Berserk           |     2 |     2 ||     4
       Trog's Hand       |       |     1 ||     1
  Use: Potion            |       |     1 ||     1
Armor: Robe              |       |     3 ||     3
Dodge: Dodged            |     1 |    18 ||    19
